 Dungeon Crawl Stone Soup version 0.29.1-13-g9f3cf754e1 (webtiles) character file.

Game seed: 3200520305043817285

44 rakiston the Chiller (level 3, -4/24 HPs)
             Began as a Merfolk Ice Elementalist on Jan 30, 2023.
             Slain by Terence
             ... wielding a +0 trident
              (7 damage)
             ... on level 2 of the Dungeon.
             The game lasted 00:07:49 (1814 turns).

rakiston the Chiller (Merfolk Ice Elementalist)     Turns: 1814, Time: 00:07:50

Health: -4/24      AC:  3    Str:  8    XL:     3   Next: 62%
Magic:  1/6        EV: 12    Int: 16    God:
Gold:   63         SH:  0    Dex: 14    Spells: 2/6 levels left

rFire   . . .      SeeInvis .   (no weapon)
rCold   . . .      Faith    .   (no shield)
rNeg    . . .      Spirit   .   a - +0 robe
rPois   .          Reflect  .   (no helmet)
rElec   .          Harm     .   e - +0 cloak
rCorr   .          Rampage  .   (no gloves)
Will    .....                   (no boots)
Stlth   ++........              (no amulet)
HPRegen 0.08/turn               (no ring)
MPRegen 0.10/turn               (no ring)

@: no status effects
A: (nimble swimmer 2), mertail
a: no special abilities


You were on level 2 of the Dungeon.
You visited 1 branch of the dungeon, and saw 2 of its levels.

You collected 63 gold pieces.

Inventory:

Armour
 a - a +0 robe (worn)
 e - a +0 cloak (worn)
Scrolls
 f - a scroll of poison {unknown}
Potions
 b - a potion of magic


   Skills:
 - Level 2.6 Dodging
 - Level 2.1 Stealth
 - Level 2.0 Spellcasting
 + Level 5.8 Ice Magic


You had 2 spell levels left.
You knew the following spells:

 Your Spells              Type           Power      Damage    Failure   Level
a - Freeze                Ice            80%        1d9       1%          1
b - Frozen Ramparts       Ice            40%        1d7       6%          3

Your spell library contained the following spells:

 Spells                   Type           Power      Damage    Failure   Level
 Ozocubu's Armour         Ice            20%        N/A       6%          3
 Hailstorm                Conj/Ice       10%        3d5       54%         4


Dungeon Overview and Level Annotations

Branches:
Dungeon (2/15)

Altars:

Annotations:
D:2 Natasha, Terence


Innate Abilities, Weirdness & Mutations

((You are very nimble when in or above water. (Stealth+, EV+, Speed+++)))
Your lower body shifts to a powerful aquatic tail in water.


Message History

Aim: Terence, wielding a +0 trident and wearing a +0 chain mail (lightly wounded, 65% to hit)
You throw a throwing net. The throwing net hits Terence.
Terence is caught in the net!
Terence is lightly wounded.
The hobgoblin struggles against the net.
The wall freezes Terence.
Terence struggles against the net.
The hobgoblin struggles against the net.
The wall freezes Terence but does no damage.
Terence struggles against the net.
The hobgoblin struggles against the net.
The wall freezes Terence.
Terence struggles against the net.
The hobgoblin struggles against the net.
The wall freezes Terence but does no damage.
Terence struggles against the net.
The hobgoblin struggles against the net.
The net rips apart, and the hobgoblin comes free!
The wall freezes Terence.
Terence struggles against the net.
The net rips apart, and Terence comes free!
The frozen ramparts melt away.
Terence hits you from afar with a +0 trident!
Casting: Frozen Ramparts (quite dangerous; 6% risk of failure)
Confirm with . or Enter, or press ? or * to list all spells.
The spell is quite dangerous to miscast (6% risk of failure)!
Continue anyway?
Casting: Frozen Ramparts (quite dangerous; 6% risk of failure)
Press: ? - help, Dir - look around, f - activate The walls around you are covered in ice.
The wall freezes the hobgoblin.
The wall freezes Terence but does no damage.
Terence misses you.
The wall freezes the hobgoblin.
You kill the hobgoblin!
The wall freezes Terence but does no damage.
Terence hits you from afar with a +0 trident.
* * * LOW HITPOINT WARNING * * *
Your frozen ramparts will break if you move.
Continue?
The frozen ramparts melt away as you move.
As you read the scroll labelled VIEWNO PAPPU, it crumbles to dust.
You feel aware of your surroundings.
It was a scroll of magic mapping.
Terence hits you from afar with a +0 trident!
You die...

#.###.....##.###.#.####
#.##.............#[....
#.##.#######.###.###.##
#.##.# *....####*#.#*
#.##.# **#.##.# **,...,
#.##.# *...,,.# *,.....
#.##.# ###,*..# *~.....
##.##.#####....#
#~~K..≈
#......@.@..?..#
#≈~...≈
#####.######.#.#
#≈~.K.≈ #...,,,,,,,*
*~~,,,~ #####***,***
*~~,,,~ *,,,,,,*
*~~,,,~ *,**,*,*
*~~,,,~ *,**,*,*
*~,,,,, *,**,*,*
*,,,,,, *,,,,*,*
**,,,,,


You could see Terence.

Vanquished Creatures
  An adder (D:2)
  A dart slug (D:1)
  4 ball pythons
  An endoplasm (D:1)
  3 giant cockroaches (D:1)
  6 hobgoblins
  3 jackals (D:1)
  A quokka (D:1)
  2 bats (D:1)
  A frilled lizard (D:1)
  4 goblins (D:1)
  A kobold (D:2)
  3 rats
31 creatures vanquished.

Vanquished Creatures (others)
  4 fungi (D:1)
  5 plants (D:1)
9 creatures vanquished.

Grand Total: 40 creatures vanquished

Notes
Turn   | Place    | Note
-------+----------+-------------------------------------------
     0 | D:1      | rakiston the Merfolk Ice Elementalist began the quest for
                  | the Orb.
     0 | D:1      | Reached XP level 1. HP: 13/13 MP: 3/3
   121 | D:1      | Found a faded altar of an unknown god.
   231 | D:1      | Reached XP level 2. HP: 19/19 MP: 0/5
   485 | D:1      | Reached skill level 5 in Ice Magic
   952 | D:1      | Reached XP level 3. HP: 24/24 MP: 4/6
   986 | D:1      | Learned a level 3 spell: Frozen Ramparts
  1463 | D:2      | Noticed Natasha
  1797 | D:2      | Noticed Terence
  1814 | D:2      | Slain by Terence

Illustrated notes

Levels and vault maps discovered:
D:1:      wander_arrival_peaceful_grave, layout_loops_ring,
          dreamdust_ecumenical_altar_grove
D:2:      minmay_kobold_bridge, layout_basic, uniq_natasha, uniq_terence

Skill      XL: |  1  2 |
---------------+-------+-----
Ice Magic      | 5 |  5.8
Dodging        | |  2.6
Stealth        | |  2.1
Spellcasting   | |  2.0

Action                   || total
-------------------------++-------
Melee: Unarmed           ||    12
Throw: Throwing net      ||     2
 Cast: Freeze            ||    49
       Frozen Ramparts   ||     2
  Use: Scroll            ||     1
Armor: Robe              ||     5
Dodge: Dodged            ||    37
